Construct Section Command Post
Selects Air and Sea Battlegroup
Construct Platoon Command Post
6-pounder Anti-tank Gun Team
Selects Commando Section Paradrop
Commando Section Paradrop
Construct Field Infirmary
Construct Company Command Post
Unlock M3 Grant Medium Tanks
Selects M1 Pack Howitzer Paradrop
Selects Anti-tank Rocket Loiter
Commando Section Paradrop
Construct Field Infirmary
Selects Centaur Medium Tank